Map: Eastwatch LE

Players

axu

  • Race: Protoss Protoss
  • League: Platinum
  • Spawn Location: 7:00

Zing - Winner!

  • Race: Terran Terran
  • Spawn Location: 1:00

VOD

Have the link to the VOD?

Description

Time

  • Played on: April 11, 2018, 1:14 p.m.
  • Length: 24:11
Show
View Real Time Build Order
Export as new Build Order

axu Protoss 

Build Orders: 1 Gate Expand 

Get SALT Encoding   

  12  0:01  Probe  
  13  0:13  Probe  
  14  0:18  Pylon  
  14  0:26  Probe  
  15  0:38  Probe (Chrono Boost)  
  15  0:42  Gateway  
  17  0:50  Assimilator, Probe (Chrono Boost)  
  17  0:58  Probe (Chrono Boost)  
  18  1:04  Probe  
  19  1:16  Probe  
  20  1:31  Nexus  
  20  1:41  Cybernetics Core  
  20  1:50  Assimilator  
  20  1:51  Probe  
  21  2:03  Probe  
  22  2:14  Pylon  
  22  2:15  Probe  
  22  2:27  Probe  
  22  2:29  Warp Gate  
  23  2:31  Adept (Chrono Boost)  
  25  2:39  Probe  
  26  2:46  Pylon  
  26  3:06  Probe x2  
  26  3:10  Robotics Facility  
  28  3:18  Twilight Council, Probe x2  
  28  3:19  Gateway  
  30  3:26  Gateway  
  30  3:30  Probe x2  
  30  3:32  Adept  
  34  3:42  Probe (Chrono Boost)  
  34  3:43  Probe (Chrono Boost)  
  36  3:52  Probe x2 (Chrono Boost)  
  38  3:57  Pylon  
  38  4:07  Observer  
  39  4:13  Stalker x2  
  39  4:14  Stalker  
  39  4:15  Probe x2  
  47  4:18  Assimilator  
  47  4:19  Blink (Chrono Boost)  
  47  4:21  Assimilator  
  47  4:27  Probe x2  
  45  4:57  Immortal (Chrono Boost)  
  49  5:03  Gateway  
  49  5:04  Gateway  
  49  5:05  Probe x2  
  49  5:06  Gateway  
  51  5:14  Stalker x3  
  51  5:17  Probe x2  
  59  5:24  Pylon  
  59  5:27  Pylon  
  59  5:29  Probe x2  
  59  5:32  Pylon  
  59  5:34  Observer (Chrono Boost)  
  62  5:42  Probe x2  
  64  5:48  Observer  
  65  5:54  Probe x2  
  65  6:06  Stalker x3  
  71  6:11  Immortal  
  75  6:30  Nexus  
  75  6:39  Sentry x3  
  81  6:44  Templar Archives  
  81  6:46  Sentry  
  83  6:47  Stalker  
  83  6:53  Pylon  
  85  6:56  Pylon  
  85  7:00  Pylon  
  85  7:11  Immortal  
  70  7:38  Stalker x3  
  70  7:39  Stalker x3  
  70  7:40  Psionic Storm  
  82  7:48  Probe x3  
  85  8:00  Probe x3  
  85  8:02  High Templar x2  
  85  8:03  Zealot  
  85  8:04  Zealot x2  
  85  8:05  Zealot  
  100  8:07  Archon  
  100  8:14  Probe x3  
  100  8:15  Pylon  
  100  8:18  Pylon  
  103  8:21  Assimilator  
  103  8:23  Assimilator  
  103  8:26  Probe x2  
  105  8:44  Forge  
  105  8:45  Forge  
  105  8:47  Gateway  
  105  8:48  Gateway  
  105  8:52  Probe x3  
  105  8:54  Gateway  
  108  8:57  High Templar  
  108  8:58  High Templar x2  
  108  9:01  Gateway  
  114  9:04  Probe x2  
  114  9:05  Probe  
  117  9:16  Probe x2  
  119  9:24  Immortal  
  123  9:35  Nexus  
  123  9:36  Stargate, Probe x2  
  123  9:37  Probe  
  126  9:45  High Templar x2  
  128  9:47  Zealot x2  
  128  9:48  Zealot  
  134  9:54  Charge  
  134  10:06  Probe  
  131  10:17  Stalker  
  131  10:23  Protoss Ground Armor Level 1, Protoss Ground Weapons Level 1  
  131  10:26  Observer  
  125  10:55  High Templar x3  
  131  11:00  Pylon  
  131  11:01  Pylon  
  131  11:04  Pylon x2  
  131  11:07  Pylon  
  131  11:12  Pylon  
  131  11:15  Pylon  
  131  11:16  Pylon  
  131  11:32  Nexus  
  127  11:49  Zealot x2  
  127  11:50  Zealot x7  
  127  11:51  Zealot  
  147  12:03  Assimilator  
  147  12:08  Assimilator  
  147  12:10  Stalker x2  
  147  12:11  Stalker  
  147  12:12  Stalker  
  147  12:14  Zealot x3  
  119  13:09  Stalker x6  
  119  13:10  Stalker  
  119  13:11  Stalker x3  
  135  13:25  Immortal  
  131  13:42  Probe x3  
  134  13:54  Probe  
  81  14:25  Immortal (Chrono Boost), High Templar x6  
  81  14:26  High Templar x4  
  105  14:32  Archon x3  
  105  14:35  Protoss Ground Weapons Level 2 (Chrono Boost)  
  105  14:36  Protoss Ground Armor Level 2 (Chrono Boost)  
  105  14:46  Fleet Beacon  
  105  14:55  Gateway  
  105  14:57  Gateway  
  105  14:59  Gateway  
  105  15:01  Gateway  
  105  15:02  Gateway  
  105  15:05  Photon Cannon  
  105  15:06  Photon Cannon  
  105  15:07  Photon Cannon  
  105  15:08  Shield Battery  
  105  15:09  Shield Battery  
  105  15:11  Shield Battery, Pylon  
  105  15:13  Pylon  
  105  15:15  Shield Battery, Pylon  
  105  15:16  Shield Battery  
  105  15:17  Photon Cannon  
  105  15:18  Photon Cannon  
  87  15:35  Zealot x4  
  73  15:36  Zealot x5  
  73  15:37  Zealot  
  71  16:07  Stalker x5  
  71  16:08  Stalker x4  
  71  16:09  Stalker x4  
  97  16:36  Zealot x4  
  97  16:37  Zealot x6  
  97  16:38  Zealot x3  
  123  16:56  Nexus  
  119  17:28  Nexus  
  111  17:30  Pylon  
  111  17:33  Shield Battery  
  111  17:34  Shield Battery  
  111  17:35  Photon Cannon  
  111  17:36  Immortal, Photon Cannon  
  115  17:37  High Templar  
  115  17:38  High Templar x5  
  115  17:39  High Templar x6  
  115  17:40  High Templar x2  
  143  18:05  Archon  
  143  18:06  Archon x2  
  110  18:38  Zealot x3  
  110  18:39  Zealot x5  
  110  18:40  Zealot x5  
  110  18:41  Zealot x2  
  140  19:09  Probe x2  
  142  19:14  Probe x2  
  144  19:21  Probe  
  144  19:22  Probe  
  146  19:26  Probe x2  
  148  19:33  High Templar x3  
  148  19:34  High Templar x3, Probe  
  140  20:20  Nexus  
  140  20:24  Protoss Ground Weapons Level 3 (Chrono Boost)  
  140  20:34  Protoss Ground Armor Level 3 (Chrono Boost)  
  140  20:42  Tempest  
  59  21:27  Archon  
  53  21:37  Zealot x4  
  53  21:38  Zealot x5  
  53  21:39  Zealot x5  
  81  21:40  Zealot  
  83  22:03  Nexus  
  69  22:53  Assimilator  
  69  22:58  Assimilator  
  63  23:00  Pylon  
  63  23:03  Pylon  
  39  23:07  High Templar x2  
  39  23:08  High Templar x4  
  39  23:10  Zealot x4  
  39  23:11  Zealot x3  
  39  23:12  Zealot x2  
  69  23:24  Shield Battery  
  69  23:27  Probe  
  69  23:28  Probe  
Show
View Real Time Build Order
Export as new Build Order

Zing Terran - Winner!

Build Orders: MMM Bio 

Get SALT Encoding   

  12  0:00  SCV  
  13  0:13  SCV  
  14  0:19  Supply Depot  
  14  0:25  SCV  
  15  0:41  SCV  
  15  0:42  Barracks  
  16  0:48  Refinery  
  16  0:53  SCV  
  17  1:05  SCV  
  18  1:17  SCV  
  19  1:34  Orbital Command  
  19  1:37  Barracks Reactor  
  19  1:47  Command Center  
  19  2:01  SCV  
  20  2:13  SCV  
  20  2:15  Marine x2  
  22  2:29  Refinery  
  22  2:30  Barracks  
  22  2:31  Supply Depot  
  22  2:33  Marine  
  23  2:43  Factory  
  23  2:52  Marine x2  
  23  2:53  SCV  
  26  2:58  Supply Depot  
  25  3:08  SCV  
  25  3:12  Marine x2  
  28  3:20  SCV, Barracks Tech Lab  
  28  3:22  Orbital Command  
  29  3:29  Marine x2  
  29  3:33  SCV  
  32  3:39  Stimpack, Marine  
  33  3:45  SCV  
  33  3:47  Marine  
  35  3:51  SCV  
  36  3:57  SCV  
  36  3:58  Starport  
  36  3:59  Factory Reactor  
  37  4:03  Marine  
  37  4:04  Marine  
  37  4:07  SCV  
  41  4:10  SCV  
  41  4:17  Engineering Bay  
  41  4:19  SCV  
  41  4:20  Marine  
  41  4:21  Marine  
  46  4:24  Marauder  
  46  4:30  Supply Depot  
  46  4:31  SCV  
  46  4:50  SCV  
  46  4:56  Marine x3  
  46  4:57  Medivac  
  46  4:58  Medivac, Missile Turret  
  53  5:01  Missile Turret  
  53  5:02  SCV x2  
  55  5:14  Marine x2, SCV x2  
  55  5:18  Engineering Bay  
  59  5:23  Supply Depot  
  59  5:24  Marine  
  59  5:26  SCV x2  
  62  5:39  Combat Shields  
  62  5:44  Medivac x2, Marine, SCV x2  
  58  5:51  Marine  
  58  5:53  Marauder  
  59  5:57  Terran Infantry Weapons Level 1, Terran Infantry Armor Level 1  
  59  6:00  SCV  
  59  6:02  Marine  
  59  6:03  SCV  
  62  6:08  Supply Depot  
  62  6:09  Marine  
  63  6:12  SCV  
  63  6:16  SCV  
  65  6:19  Marine  
  65  6:21  Marauder  
  65  6:22  Barracks  
  65  6:23  Barracks  
  65  6:24  SCV  
  69  6:26  Barracks  
  69  6:28  SCV  
  70  6:34  Marine  
  70  6:36  Medivac, SCV  
  70  6:37  Marine  
  70  6:38  Medivac  
  77  6:40  SCV  
  77  6:43  Supply Depot  
  77  6:46  Supply Depot  
  78  6:57  Armory  
  78  7:04  Marine x2  
  78  7:05  Marauder, SCV x2  
  83  7:15  Barracks Reactor  
  83  7:16  Barracks Tech Lab x2  
  83  7:17  SCV x2  
  83  7:22  Marine x2  
  78  7:26  Marine  
  78  7:29  SCV x2  
  76  7:35  Medivac  
  69  7:39  Command Center  
  69  7:40  Marine x2  
  69  7:41  SCV x2  
  69  7:42  Refinery, Marine  
  69  7:43  Refinery  
  74  7:46  Marauder  
  74  7:49  Marauder  
  78  7:52  Marine x2  
  78  7:53  SCV  
  81  8:04  Supply Depot  
  81  8:08  Marine x2  
  81  8:10  Marauder x2  
  81  8:11  Marauder  
  89  8:15  Terran Infantry Weapons Level 2  
  89  8:17  SCV x2  
  91  8:26  Marine x2  
  93  8:27  Marine x2  
  93  8:30  SCV  
  96  8:35  Supply Depot  
  96  8:37  Supply Depot  
  96  8:40  Supply Depot  
  96  8:42  Marauder  
  96  8:43  Marauder x2, Concussive Shells  
  96  8:46  Marine x2  
  104  8:50  SCV, Terran Infantry Armor Level 2  
  105  8:57  Medivac  
  105  8:59  Marine x2  
  109  9:03  Marine x2  
  109  9:05  Marine  
  109  9:06  Marine  
  109  9:09  Orbital Command  
  113  9:10  Missile Turret  
  113  9:12  SCV x2  
  115  9:17  Marine  
  115  9:18  Marine x2  
  115  9:21  Medivac, Marine x2  
  115  9:23  Marine  
  123  9:39  Medivac  
  123  9:40  Marine x5  
  130  9:47  SCV x2  
  130  9:50  Supply Depot  
  130  9:51  Command Center  
  127  10:00  Medivac  
  126  10:09  Medivac  
  109  10:14  Marine x2  
  109  10:15  Marauder x3, Marine x2  
  119  10:25  Factory Tech Lab  
  119  10:32  Starport, Marine x3  
  119  10:33  Marine  
  113  10:37  Marauder x3  
  113  10:38  SCV x2  
  121  10:43  Refinery  
  121  10:44  Refinery  
  121  10:47  Barracks  
  121  10:48  Barracks  
  121  10:50  Marine x4  
  125  10:58  Marauder x3  
  125  10:59  Missile Turret  
  125  11:01  Medivac  
  133  11:05  Orbital Command  
  133  11:08  Marine x4  
  137  11:19  Marauder x2  
  137  11:20  Marauder  
  139  11:26  Marine x4  
  130  11:40  Marine x2  
  128  11:49  Medivac x2  
  128  11:50  Marauder, Marine x4  
  138  11:56  Starport  
  138  11:57  SCV x2  
  138  11:59  Starport Reactor, Marauder x2  
  144  12:08  Command Center, Marine x4  
  146  12:12  Marauder  
  150  12:19  Medivac, Barracks Tech Lab  
  150  12:20  Marauder x2, Barracks Tech Lab  
  150  12:22  SCV x2  
  154  12:25  Marine  
  154  12:26  Marine x3  
  156  12:33  Marauder  
  151  12:40  Liberator  
  151  12:41  Marauder x2, Liberator  
  151  12:43  Marine x2  
  151  12:44  Marine x3  
  138  12:45  Marauder  
  129  12:51  Liberator x2  
  129  12:55  Marauder  
  113  13:01  Marine x3  
  113  13:02  Marine  
  113  13:03  Marauder x3  
  104  13:07  Marauder, Siege Tank  
  115  13:15  Marine  
  115  13:19  Marine x4  
  107  13:24  Marauder x3  
  106  13:27  Marine  
  106  13:30  SCV x2  
  106  13:34  Marauder  
  106  13:37  Marine x4  
  98  13:44  Orbital Command  
  98  13:45  Marauder, Marine  
  98  13:46  Marauder x2  
  104  13:51  Engineering Bay  
  104  13:54  Marine  
  104  13:55  Marauder, Marine x3  
  110  13:56  SCV  
  101  14:04  Marauder  
  101  14:05  Siege Tank  
  101  14:06  Marine  
  101  14:07  Marauder x2  
  105  14:12  Marine x2, SCV  
  105  14:13  Marine x2  
  105  14:17  Marauder  
  98  14:22  Medivac x3  
  98  14:24  Marine  
  98  14:25  Marauder, Starport Tech Lab  
  98  14:28  Marine x2, SCV  
  98  14:30  Marine x3, Fusion Core  
  98  14:31  Marine  
  108  14:34  SCV x2  
  108  14:36  SCV  
  108  14:38  Marauder  
  113  14:41  Command Center, SCV, Siege Tank  
  113  14:43  Marauder  
  119  14:45  Marine  
  119  14:46  Marauder, Marine  
  119  14:48  Marine x4  
  127  14:59  Marauder  
  129  15:03  Marine  
  129  15:04  Marauder  
  132  15:13  Refinery  
  132  15:14  Refinery  
  132  15:15  Refinery  
  132  15:17  Refinery, Supply Depot  
  132  15:24  SCV x2  
  132  15:25  Marine  
  132  15:26  Marine  
  132  15:27  Marauder x2, Marine, SCV  
  132  15:32  Marine  
  132  15:33  Marine, SCV  
  132  15:34  Marine  
  132  15:38  Siege Tank  
  132  15:39  Marauder  
  132  15:41  Supply Depot x3  
  137  15:42  Supply Depot  
  137  15:43  Marine  
  137  15:44  Marine  
  137  15:45  Marine  
  140  15:52  Medivac, Marine x3  
  140  15:53  Orbital Command, Marauder x2  
  140  15:55  SCV  
  140  15:56  Refinery, SCV x2  
  148  15:57  Refinery  
  148  16:00  Marauder, Marine  
  148  16:02  Marine  
  148  16:03  Marine  
  138  16:06  Medivac  
  138  16:10  Marauder, Marine x2  
  144  16:13  SCV  
  144  16:14  Marauder x2  
  149  16:18  Marine  
  149  16:20  Marine  
  149  16:21  Marauder, Marine  
  149  16:22  Liberator  
  149  16:28  Marine x2  
  149  16:31  Medivac x2, Marine  
  153  16:35  Marine x2  
  153  16:36  Marine  
  153  16:38  Marine  
  153  16:39  Marine  
  155  16:42  Marine  
  155  16:45  Marine x2, Siege Tank  
  152  16:49  Marine  
  152  16:53  Marine x2  
  148  16:54  Marine  
  148  16:55  Marine  
  148  16:56  Marine, SCV  
  148  17:01  Marauder  
  154  17:03  SCV x3, Missile Turret  
  154  17:04  Marauder, SCV  
  154  17:07  Marauder  
  161  17:11  Marauder, Marine x2  
  161  17:12  Marine  
  161  17:13  Marine  
  164  17:22  Marauder  
  162  17:25  Marauder  
  162  17:29  Command Center, Marine x4  
  166  17:30  Marauder, Liberator x2  
  166  17:32  Marauder  
  169  17:43  Marauder, Marine  
  162  17:46  Marine x2  
  162  17:47  Marauder, Marine x2  
  174  17:51  Marauder  
  174  17:54  Marauder  
  174  17:55  Liberator  
  176  18:01  Marine  
  176  18:04  Marauder, Marine x2  
  176  18:05  Marine  
  179  18:10  Marine  
  179  18:12  Marauder  
  178  18:13  Liberator x2  
  178  18:14  Marauder  
  178  18:15  Marauder  
  178  18:19  Marine  
  159  18:22  Marauder, Marine x2  
  159  18:26  Marauder  
  134  18:27  Medivac  
  134  18:28  Medivac, Marine  
  134  18:32  Marine  
  146  18:36  Marauder, Marine x2  
  146  18:38  Liberator  
  146  18:40  Liberator x2, Marine x2  
  146  18:41  SCV, Missile Turret  
  154  18:44  Marauder  
  154  18:46  Marine  
  154  18:47  Marauder  
  158  18:51  Marauder  
  158  18:54  Marine x2  
  165  18:57  Marauder  
  165  18:59  Planetary Fortress  
  165  19:02  Missile Turret  
  173  19:03  SCV  
  173  19:05  Marauder  
  173  19:07  Marine x2  
  173  19:08  Marine x2  
  180  19:12  Marauder, Marine x2  
  184  19:18  Marauder  
  186  19:25  Marine x3  
  186  19:26  Engineering Bay, Marauder, Marine  
  186  19:28  Engineering Bay  
  186  19:30  Marauder  
  194  19:39  Marine x2  
  186  19:59  Supply Depot  
  183  20:02  Marine x2  
  183  20:03  Marauder, Marine x5  
  183  20:04  Command Center  
  192  20:07  Armory  
  192  20:22  Medivac x2, Supply Depot  
  192  20:23  Command Center  
  192  20:27  SCV x2  
  198  20:29  Marine x2  
  200  20:47  Supply Depot  
  198  21:03  Marine x3  
  198  21:04  Marauder x4, Marine x2  
  177  21:07  Liberator x2  
  143  21:21  Marine x3  
  143  21:22  Marauder, Marine, Missile Turret  
  143  21:25  Marauder x2, Marine  
  135  21:26  Marauder  
  124  21:33  Terran Infantry Armor Level 3, Terran Infantry Weapons Level 3  
  124  21:36  Planetary Fortress  
  124  21:39  Marine x4  
  125  21:40  Missile Turret  
  125  21:41  Medivac x2  
  125  21:43  Marauder  
  125  21:44  Marauder  
  125  21:46  Marine  
  125  21:47  Marauder, Marine  
  137  21:48  Medivac  
  137  21:50  Liberator  
  140  21:54  Liberator  
  140  21:57  Marine x4  
  144  22:04  Marine x2  
  144  22:05  Marauder x2  
  144  22:07  Medivac, Marine  
  156  22:14  Marine  
  156  22:15  Marine x3  
  160  22:22  Marine x2  
  147  22:23  Viking x2  
  147  22:26  Marauder  
  144  22:30  Marine x2  
  144  22:32  Marine x2  
  144  22:33  Marine x2  
  144  22:36  Starport, Liberator x2  
  150  22:37  Refinery x2, Viking  
  150  22:38  Liberator  
  150  22:40  Refinery x2, Marine x2  
  152  22:50  Marine x2, Viking  
  149  22:53  Marine x3  
  149  22:54  Marauder x2  
  149  22:58  Marauder, Marine  
  152  23:05  SCV x2  
  152  23:06  SCV  
  152  23:08  Marine x2  
  152  23:11  Marine x2, SCV x2  
  152  23:12  Marauder  
  163  23:15  Marauder x2  
  163  23:16  Planetary Fortress  
  163  23:18  Missile Turret  
  167  23:21  Command Center  
  167  23:22  Marine x2  
  169  23:28  Starport Tech Lab  
  169  23:39  Marine x3  
  159  23:46  Marine  
  159  23:47  Marine x2  
  155  23:51  Marine x2  
Tags
 
Composition
MMM Bio
League
Platinum
Matchup
PvT
Spawn Locations
Cross Positions
Add a new tag
Caveats
  • Supply blocks, unpowered buildings, or Contaminate may cause inaccurate times.
  • Supply counts are checked every 10 seconds.